 Dungeon Crawl Stone Soup version 0.16.0-8-gd9ae3a8 (console) character file.

17 gw the Twirler (level 2, -1/22 HPs)
             Began as a Human Gladiator on Mar 16, 2015.
             Slain by a gnoll
             ... wielding a cursed +0 whip
              (9 damage)
             ... on level 2 of the Dungeon.
             The game lasted 00:01:08 (1189 turns).

gw the Twirler (Human Gladiator)                    Turns: 1189, Time: 00:01:08

Health: -1/22      AC:  5    Str: 15    XL:     2   Next: 80%
Magic:  2/2        EV: 12    Int:  8    God:
Gold:   57         SH:  0    Dex: 13    Spells: 0 memorised, 1 level left

rFire  . . .     SeeInvis .     a - +0 quarterstaff
rCold  . . .     Clarity  .     b - +0 leather armour
rNeg   . . .     SustAb   .     (no shield)
rPois  .         Gourm    .     c - +0 helmet
rElec  .         Spirit   .     e - +0 cloak
rCorr  .         Warding  .     (no gloves)
rMut   .         Stasis   .     (no boots)
MR     .....                    (no amulet)
Stlth  +.........               (no ring)
                                (no ring)

@: not resistant to hostile enchantments, very unstealthy
A: no striking features
a: no special abilities


You were on level 2 of the Dungeon.
You were not hungry.

You visited 1 branch of the dungeon, and saw 2 of its levels.

You collected 57 gold pieces.

Inventory:

Hand weapons
 a - a +0 quarterstaff (weapon)
Missiles
 d - 3 throwing nets
 j - 52 stones (quivered)
 k - 7 arrows
Armour
 b - a +0 leather armour (worn)
 c - a +0 helmet (worn)
 e - a +0 cloak (worn)
Scrolls
 i - a scroll of remove curse {unknown}
 l - a scroll of noise {unknown}
Comestibles
 f - 2 bread rations


   Skills:
 + Level 2.2 Fighting
 * Level 3.6 Staves
 - Level 2.0 Throwing
 + Level 0.4 Armour
 - Level 3.0 Dodging


You had one spell level left.
You didn't know any spells.

Dungeon Overview and Level Annotations

Branches:
Dungeon (2/15)

Altars:


Message History

The gnoll closely misses you. The worm barely misses you.
The gnoll barely misses you. The gnoll hits you but does no damage.
Unknown command.
Unknown command.
Unknown command.
Unknown command.
ATTACK MOVE TO (-1,1)
You sock the worm!
The worm is severely wounded.
The gnoll hits you but does no damage. The worm barely misses you.
The gnoll misses you.
Unknown command.
Unknown command.
Unknown command.
Unknown command.
ATTACK MOVE TO (-1,1)
You barely miss the worm.
The worm is severely wounded.
The gnoll hits you with a whip!
You die...

#.#..#...#...##.# #.#
#..#...#...#..#.# #.#
.#...#...#...#..# #.#
...#...#...#...####.#
.#...#...#...#.<....#
...#...#...#....#####
.#...#...#...#..#
...#...#...#...(#########
.#...#...#...#..pgggg....
...#... ...#..#w######.##
.....# [#..###.# ### #
..## #.# #.# #.# #.# ..#
#


You could see a worm and 4 gnolls.

Table legend:
 A = Turns spent in this place as a percentage of turns spent in the entire game.
 B = Non-inter-level travel turns spent in this place as a percentage of non-inter-level travel turns spent in the entire game.
 C = Inter-level travel turns spent in this place as a percentage of turns spent in this place.
 D = Turns resting spent in this place as a percentage of non-inter-level travel turns spent in this place.
 E = Turns spent auto-exploring this place as a percentage of non-inter-level travel turns spent in this place.
 F = Non-inter-level travel turns spent in this place divided by the number of levels of this place that you've seen.
                   A       B       C       D       E      F
               +-------+-------+-------+-------+-------+----------------------
         Total | 100.0 | 100.0 |   0.2 |   0.8 |   2.9 | 786.0
       Dungeon | 100.0 | 100.0 |   0.2 |   0.8 |   2.9 | 786.0
               +-------+-------+-------+-------+-------+----------------------

Table legend:
 A = Kills in this place as a percentage of kills in entire the game.
 B = Kills by you in this place as a percentage of kills by you in the entire game.
 C = Kills by friends in this place as a percentage of kills by friends in the entire game.
 D = Other kills in this place as a percentage of other kills in the entire game.
 E = Experience gained in this place as a percentage of experience gained in the entire game.
 F = Experience gained in this place divided by the number of levels of this place that you have seen.
                   A       B       C       D       E      F
               +-------+-------+-------+-------+-------+----------------------
         Total | 100.0 | 100.0 |  -nan |  -nan | 100.0 |  12.5
       Dungeon | 100.0 | 100.0 |  -nan |  -nan | 100.0 |  12.5
               +-------+-------+-------+-------+-------+----------------------

Vanquished Creatures
  3 giant cockroaches (D:1)
  A goblin (D:1)
  2 hobgoblins (D:1)
  3 jackals (D:2)
  4 bats (D:1)
  2 giant newts (D:2)
  2 rats
17 creatures vanquished.

Notes
Turn   | Place    | Note
--------------------------------------------------------------
     0 | D:1      | gw, the Human Gladiator, began the quest for the Orb.
     0 | D:1      | Reached XP level 1. HP: 16/16 MP: 1/1
   234 | D:1      | Reached XP level 2. HP: 22/22 MP: 2/2
  1189 | D:2      | Slain by a gnoll

Action                   || total
-------------------------++-------
Melee: Quarterstaff      ||    63
  Use: Potion            ||     4
       Scroll            ||     1
  Eat: Chunk             ||     1

Vault maps used:
D:1:      dpeg_arrival_another_circle, minmay_misc_feat_enclosed, minivault_25,
          dk_noncrumbling_4, roderic_roman_lattice
D:2:      hex_medium, serial_park_tiny_pond
